 Dungeon Crawl Stone Soup version 0.27-a0-1512-g99fd57bada (webtiles) character file.

Game seed: 209445012719460434

52 Blejac999 the Sneak (level 3, -3/15 HPs)
             Began as a Felid Transmuter on July 9, 2021.
             Slain by an adder (5 damage)
             ... on level 2 of the Dungeon.
             The game lasted 00:04:53 (1810 turns).

Blejac999 the Sneak (Felid Transmuter)              Turns: 1810, Time: 00:04:53

Health: -3/15      AC:  1    Str:  6    XL:     3   Next: 60%
Magic:  7/7        EV: 17    Int: 14    God:
Gold:   38         SH:  0    Dex: 17    Spells: 3/6 levels left
                                        Lives:  0   Deaths: 0

rFire    . . .     SeeInvis +     - Unarmed
rCold    . . .     Faith    .   (shield unavailable)
rNeg     . . .     Spirit   .   (armour unavailable)
rPois    .         Reflect  .   (helmet unavailable)
rElec    .         Harm     .   (cloak unavailable)
rCorr    +         Rampage  .   (gloves unavailable)
Will     .....                  (boots unavailable)
Stlth    +++.......             (no amulet)
HPRegen  0.05/turn              a - ring of resist corrosion
MPRegen  0.10/turn              (no ring)

@: quick
A: very small, claws 1, fangs 3, see invisible, speed 1, shaggy fur 1, stealthy
paws, no weapons or thrown items, no armour, multi-lived
a: no special abilities


You were on level 2 of the Dungeon.
You visited 1 branch of the dungeon, and saw 2 of its levels.

You collected 38 gold pieces.

Inventory:

Jewellery
 a - a ring of resist corrosion (left paw)


   Skills:
 + Level 1.0 Fighting
 + Level 2.7 Dodging
 + Level 4.2 Stealth
 + Level 3.2 Unarmed Combat
 + Level 2.0 Spellcasting
 + Level 2.2 Transmutations


You had 3 spell levels left.
You knew the following spells:

 Your Spells              Type           Power      Damage    Failure   Level
a - Beastly Appendage     Tmut           14%        N/A       10%         1
b - Wereblood             Tmut           7%         N/A       14%         2

Your spell library contained the following spells:

 Spells                   Type           Power      Damage    Failure   Level
 Spider Form              Tmut/Pois      2%         N/A       41%         3
 Ice Form                 Ice/Tmut       4%         N/A       83%         4


Dungeon Overview and Level Annotations

Branches:
Dungeon (2/15)

Altars:


Innate Abilities, Weirdness & Mutations

You have sharp claws.
You have razor-sharp teeth.
You have supernaturally acute eyesight. (SInv)
You cover ground quickly. (Speed+)
You are covered in fur. (AC +1)
Your paws help you pounce on unaware monsters.
You are incapable of wielding weapons or throwing items.
You cannot wear armour.
You gain extra lives every three experience levels.


Message History

You kill the frilled lizard!
The kobold hits you with a +0 dagger.
You closely miss the jackal.
Your horns disappear.
The kobold completely misses you.
You closely miss the jackal. The jackal completely misses you.
The kobold completely misses you.
You scratch the jackal.
The jackal is severely wounded.
The jackal misses you. The kobold hits you but does no damage.
The jackal bites you.
You closely miss the jackal.
The jackal is severely wounded.
The jackal barely misses you. The kobold completely misses you.
You scratch the jackal.
You feel a bit better.
You kill the jackal!
You howl as the wereblood boils in your veins!
The kobold hits you with a +0 dagger.
You closely miss the jackal. The jackal bites you.
The kobold hits you with a +0 dagger.
You are too injured to fight recklessly!
You are too injured to fight recklessly!
You are too injured to fight recklessly!
The jackal completely misses you.
You scratch the jackal.
You feel a bit better.
You kill the jackal!
You scratch the jackal but do no damage.
The jackal closely misses you. The adder closely misses you.
You barely miss the jackal.
Your primal bloodlust is almost over.
The jackal bites you. The adder barely misses you.
You closely miss the jackal. The jackal bites you.
* * * LOW HITPOINT WARNING * * *
The adder misses you. The jackal closely misses you.
Unknown command.
The jackal bites you but does no damage.
Your primal bloodlust has ended.
The adder completely misses you. The adder bites you.
You die...

#.####..## . #.#
#...# .. #K#
#.#.# .. #.#
#..#.## ##.#
#.###.##..##...#
. #..##.###....#
# ##h##......###
#
##S#...###..###
# #.@...#
##...#####
#..........#
###......
..####.#####
######..... #.
........†.<. ..
############ #..
# #.# # ..


You could see an adder, a jackal and a kobold.

Vanquished Creatures
  An adder (D:2)
  A dart slug (D:1)
  An endoplasm (D:1)
  A giant cockroach (D:1)
  4 goblins (D:1)
  5 hobgoblins (D:1)
  8 jackals
  2 kobolds (D:1)
  A quokka (D:1)
  3 ball pythons (D:1)
  2 bats
  4 frilled lizards
  5 rats (D:1)
38 creatures vanquished.

Notes
Turn   | Place    | Note
-------+----------+-------------------------------------------
     0 | D:1      | Blejac999 the Felid Transmuter began the quest for the Orb.
     0 | D:1      | Reached XP level 1. HP: 9/9 MP: 4/4
    59 | D:1      | Reached skill level 1 in Stealth
   162 | D:1      | Noticed a shining eye
   164 | D:1      | Found a faded altar of an unknown god.
   165 | D:1      | Noticed a floating eye
   165 | D:1      | Noticed a floating eye
   165 | D:1      | Noticed a floating eye
   169 | D:1      | Reached skill level 2 in Stealth
   182 | D:1      | Reached XP level 2. HP: 12/12 MP: 3/6
   295 | D:1      | Reached skill level 3 in Stealth
   798 | D:1      | Learned a level 2 spell: Wereblood
  1047 | D:1      | Reached XP level 3. HP: 6/15 MP: 4/7
  1049 | D:1      | Reached skill level 4 in Stealth
  1810 | D:2      | Slain by an adder

Illustrated notes

Levels and vault maps discovered:
D:1:      wander_arrival_peaceful_grave, layout_loops_ring,
          hellmonk_ecumenical_altar_watching_god
D:2:      layout_rooms, basic_altar, glass_columns_b

Skill      XL: |  1  2  3 |
---------------+----------+-----
Stealth        | 2 3 4 |  4.2
Fighting       | |  1.0
Dodging        | |  2.7
Unarmed Combat | |  3.2
Spellcasting   | |  2.0
Transmutations | |  2.2

Action                   || total
-------------------------++-------
Melee: Unarmed           ||    94
       Headbutt          ||     5
       Bite              ||     4
 Cast: Beastly Appendage ||     8
       Wereblood         ||     2
  Use: Potion            ||     2
 Stab: Sleeping          ||     5
Armor: Skin              ||     8
Dodge: Dodged            ||    65

Table legend: (Time is in decaauts)
 A = Elapsed time spent in this place.
 B = Non-inter-level travel time spent in this place.
 C = Inter-level travel time spent in this place.
 D = Time resting spent in this place.
 E = Time spent auto-exploring this place.
 F = Levels seen in this place.
 G = Mean time per level.
                   A        B        C        D        E       F      G
               +--------+--------+--------+--------+--------+-----+--------+
         Total |   1694 |   1684 |     10 |    781 |    627 |   2 |  847.0 |
       Dungeon |   1694 |   1684 |     10 |    781 |    627 |   2 |  847.0 |
               +--------+--------+--------+--------+--------+-----+--------+

Top non-repeatable levels by time:
     D:1: 1070 daAuts
     D:2: 624 daAuts
